 Dungeon Crawl Stone Soup version 0.24-a0-252-g5076262 (webtiles) character file.

Game seed: 4181087546120618516

641 Borgoz the Skirmisher (level 7, -4/44 HPs)
             Began as a Gargoyle Gladiator on Apr 17, 2019.
             Slain by Menkaure (16 damage)
             ... on level 4 of the Dungeon.
             The game lasted 00:07:36 (4623 turns).

Borgoz the Skirmisher (Gargoyle Gladiator)          Turns: 4623, Time: 00:07:37

Health: -4/44      AC: 10    Str: 17    XL:     7   Next: 51%
Magic:  7/7        EV: 13    Int:  9    God:
Gold:   116        SH:  0    Dex: 13    Spells: 6/6 levels left

rFire    . . .     SeeInvis .   k - +1 dagger (speed)
rCold    . . .     Gourm    .   (no shield)
rNeg     + . .     Faith    .   b - +0 leather armour
rPois    ∞         Spirit   .   c - +1 helmet
rElec    +         Reflect  .   o - scarf {repulsion}
rCorr    .         Harm     .   (no gloves)
MR       .....                  (no boots)
Stlth    ++........             l - amulet of inaccuracy (curse)
HPRegen  0.14/turn              (no ring)
MPRegen  0.10/turn              (no ring)

@: repel missiles
A: negative energy resistance 1, electricity resistance, unbreathing,
petrification resistance, rot immunity, AC +4
a: no special abilities


You were on level 4 of the Dungeon.
You were hungry.

You visited 1 branch of the dungeon, and saw 4 of its levels.

You collected 116 gold pieces.

Inventory:

Hand Weapons
 a - a +0 rapier
 e - a +1 dagger of protection
 k - a +1 dagger of speed (weapon)
Missiles
 d - a throwing net (quivered)
Armour
 b - a +0 leather armour (worn)
 c - a +1 helmet (worn)
 o - a scarf of repulsion (worn)
Jewellery
 h - an uncursed ring of ice
 l - a cursed amulet of inaccuracy (around neck)
Scrolls
 g - 3 scrolls of teleportation
 p - a scroll of fog {unknown}
Potions
 i - 2 potions of brilliance
 m - 2 potions of haste
 n - a potion of magic
Comestibles
 f - 9 rations


   Skills:
 + Level 4.3 Fighting
 + Level 4.1 Short Blades
 - Level 1.7 Throwing
 + Level 3.6 Armour
 + Level 3.7 Dodging
 + Level 4.0 Stealth


You had 6 spell levels left.
You didn't know any spells.
Your spell library contained the following spells:

 Spells                   Type           Power        Failure   Level  Hunger
 Animate Skeleton         Necr           N/A          43%         1    ##.....
 Apportation              Tloc           #.....       43%         1    ##.....
 Confusing Touch          Hex            #.....       43%         1    ##.....
 Summon Small Mammal      Summ           #...         43%         1    ##.....


Dungeon Overview and Level Annotations

Branches:
Dungeon (4/15)
 Temple: D:4-7

Altars:

Annotations:
D:4 Menkaure


Innate Abilities, Weirdness & Mutations

You are resistant to torment.
Your stone body is resilient. (AC +4)
You are immune to poison.
You resist negative energy. (rN+)
You are resistant to electric shocks. (rElec)
You can survive without breathing.
You are immune to petrification.
You are immune to rotting.


Message History

You see here an orc corpse.
Menkaure shouts!
You see here an orc corpse.
Items here: )) [[ †† Menkaure gestures wildly while chanting.
Menkaure seems to speed up.
Menkaure calls on the powers of darkness!
Your body is wracked with pain!
You start resting.
Menkaure is too close now for your liking.
Throwing (i - inventory)
d - 2 throwing nets (quivered)
Press: ? - help, Shift-Dir - straight line, f - Menkaure
Aim: Menkaure (fast)
You throw a throwing net.
The throwing net barely misses Menkaure.
You are feeling hungry.
Menkaure hits you!!
* * * LOW HITPOINT WARNING * * *
Menkaure hits you!
You die...

### ..#######
.....M..##
###......#######
#####.†[.M...#####
#####.......(#####
#######M.....#
#<)..@.....##
#####([........# #
##..............# .
#####..###..........#
.##..o..##
#..#########
....##### ...##
#......# .####
...#.....# o..###...#


You could see Menkaure.

Vanquished Creatures
  Grinder (D:3)
  A scorpion (D:2)
  2 orc priests (D:3)
  A gnoll shaman (D:3)
  3 orc wizards
  A worker ant (D:4)
  6 gnolls
  6 adders
  An ooze (D:1)
  2 worms (D:3)
  2 dart slugs
  6 leopard geckos
  16 orcs
  A giant cockroach (D:1)
  6 goblins
  9 hobgoblins
  3 jackals (D:1)
  4 kobolds
  4 bats
  5 frilled lizards
  5 rats
85 creatures vanquished.

Notes
Turn   | Place    | Note
-------+----------+-------------------------------------------
     0 | D:1      | Borgoz the Gargoyle Gladiator began the quest for the Orb.
     0 | D:1      | Reached XP level 1. HP: 12/12 MP: 1/1
   170 | D:1      | Reached XP level 2. HP: 18/18 MP: 2/2
   238 | D:1      | Reached skill level 1 in Armour
   238 | D:1      | Reached skill level 1 in Stealth
   489 | D:1      | Reached XP level 3. HP: 16/22 MP: 3/3
  1091 | D:2      | Noticed a scorpion
  1102 | D:2      | Killed a scorpion
  1102 | D:2      | Reached XP level 4. HP: 10/28 MP: 4/4
  1462 | D:2      | Reached XP level 5. HP: 15/32 MP: 5/5
  2406 | D:3      | Found a faded altar of an unknown god.
  2634 | D:3      | Noticed Grinder
  2896 | D:3      | Paralysed by Grinder for 3 turns
  2936 | D:3      | Killed Grinder
  2936 | D:3      | Reached XP level 6. HP: 36/38 MP: 6/6
  3183 | D:3      | Reached XP level 7. HP: 11/43 MP: 7/7
  4605 | D:4      | Noticed Menkaure
  4623 | D:4      | Slain by Menkaure

Levels and vault maps discovered:
D:1:      dpeg_arrival_court, layout_basic
D:2:      layout_basic
D:3:      layout_loops_ring, chequers_ecumenical_altar_island, first_ration,
          due_unseen_surprise, uniq_grinder
D:4:      layout_rooms, gammafunk_temple_overflow_elements, chequers_arboretum,
          lemuel_tele_altar, uniq_natasha, uniq_menkaure

Skill      XL: |  1  2  3  4  5  6  7 |
---------------+----------------------+-----
Armour         | 1 3 |  3.6
Stealth        | 1 2 3 4 |  4.0
Short Blades   | 3 4 |  4.1
Fighting       | 3 4 |  4.3
Dodging        | 3 |  3.7
Throwing       | |  1.7

Action                   |  1- 3 |  4- 6 |  7- 9 || total
-------------------------+-------+-------+-------++-------
Melee: Rapier            |   103 |   154 |       ||   257
       Dagger            |       |   127 |   234 ||   361
Throw: Throwing net      |     3 |       |     3 ||     6
  Use: Scroll            |       |     7 |       ||     7
       Potion            |       |     1 |       ||     1
 Stab: Held in net/web   |     2 |       |     1 ||     3
       Sleeping          |     1 |     5 |       ||     6
  Eat: Chunk             |       |     7 |     5 ||    12
Armor: Leather armour    |    38 |   122 |    57 ||   217
Dodge: Dodged            |    70 |   162 |    98 ||   330
       Deflected         |       |     1 |       ||     1

Table legend:
 A = Non-vault XP
 B = Vault XP
 C = Vault XP percentage of total XP
 D = Non-vault monster count
 E = Vault monster count
 F = Vault count percentage of total count
                 A         B        C        D         E       F
            +---------+---------+-------+---------+---------+-------
      Total |     663 |     254 |  27.7 |      84 |       1 |   1.2
            +---------+---------+-------+---------+---------+-------
        D:1 |      71 |       0 |   0.0 |      28 |       0 |   0.0
        D:2 |     120 |       0 |   0.0 |      15 |       0 |   0.0
        D:3 |     365 |     254 |  41.0 |      32 |       1 |   3.0
        D:4 |     107 |       0 |   0.0 |       9 |       0 |   0.0
            +---------+---------+-------+---------+---------+-------
